| TOP OF THE 1ST |
|
San Jose Giants batting - Pitching for Colorado (EL) Rockies : LHP Jason Peck
|
|
Pitching: LHP Jason Peck
|
|
|
Batting: RHB Guillermo Mojica
|
0-0: Ball 1-0: Foul Ball, location: 2F 1-1: Foul Ball, location: 2F 1-2: SINGLE (Groundball, 23, EV 72.5 MPH) (infield hit)
|
|
Batting: RHB Laroya Foronda
|
0-0: Swinging Strike 0-1: Foul Ball, location: 2F 0-2: Strikes out swinging
|
|
Batting: RHB Billy Pranger
|
0-0: Ball 1-0: Called Strike 1-1: Foul Ball, location: 2F 1-2: Ball 2-2: Foul Ball, location: 2F 2-2: Foul Ball, location: 2F 2-2: Foul Ball, location: 2F 2-2: Ball 3-2: Base on Balls Guillermo Mojica to second
|
|
Batting: RHB Chris Bittner
|
0-0: Ball 1-0: Ball 2-0: DOUBLE (Line Drive, 78D, EV 101.9 MPH) Guillermo Mojica scores Billy Pranger to third Runner from 3rd tries for Home, throw by CF and OUT! 8-6-2 Chris Bittner to third
|
|
Batting: LHB Ryan Braden
|
0-0: Ball 1-0: 2-RUN HOME RUN (Flyball, 89XD, EV 101.9 MPH), Distance : 410 ft
|
|
Batting: RHB John Paredes
|
0-0: Called Strike 0-1: Ball 1-1: Swinging Strike 1-2: Ball 2-2: Ball 3-2: Foul Ball, location: 2F 3-2: Base on Balls
|
|
Batting: SHB David Beauchamp
|
0-0: Ball 1-0: Ball 2-0: Ball 3-0: Base on Balls John Paredes to second
|
|
Batting: RHB Adam Noyes
|
0-0: Called Strike 0-1: SINGLE (Line Drive, 7S, EV 86.2 MPH) John Paredes to third David Beauchamp to second Runner from 3rd tries for Home, SAFE, throw by LF to home
|
|
Batting: RHB Tony Mendez
|
0-0: Ball 1-0: Ball 2-0: Ball 3-0: Base on Balls David Beauchamp to third Adam Noyes to second
|
|
Batting: RHB Guillermo Mojica
|
0-0: Foul Ball, location: 2F 0-1: Ball 1-1: Fly out, F9 (Line Drive, 9D, EV 96.9 MPH)
|
| Top of the 1st over - 4 runs, 4 hits, 0 errors, 3 left on base; San Jose 4 - Colorado (EL) 0 |
| BOTTOM OF THE 1ST |
|
Colorado (EL) Rockies batting - Pitching for San Jose Giants : RHP Jan Cole
|
|
Pitching: RHP Jan Cole
|
|
|
Batting: SHB Bobby Santor
|
0-0: Fly out, F5 (Popup, 25, EV 79.4 MPH)
|
|
Batting: SHB Jeff Sorrels
|
0-0: Ball 1-0: Ball 2-0: Called Strike 2-1: Ball 3-1: Base on Balls
|
|
Batting: LHB Mick Tucker
|
0-0: Ball 1-0: Foul Ball, location: 2F 1-1: Foul Ball, location: 2F 1-2: Foul Ball, location: 2F 1-2: Foul Ball, location: 2F 1-2: Ball 2-2: Ball 3-2: Strikes out swinging
|
|
Batting: RHB John Corfield
|
0-0: Ball 1-0: Fly out, F9 (Line Drive, 89M, EV 92.5 MPH)
|
| Bottom of the 1st over - 0 runs, 0 hits, 0 errors, 1 left on base; San Jose 4 - Colorado (EL) 0 |
| TOP OF THE 2ND |
|
San Jose Giants batting - Pitching for Colorado (EL) Rockies : LHP Jason Peck
|
|
Batting: RHB Laroya Foronda
|
0-0: Foul Ball, location: 2F 0-1: Reached on error, E6 (Groundball, 6, EV 103.1 MPH)
|
|
Batting: RHB Billy Pranger
|
0-0: Called Strike 0-1: Ball 1-1: Ball 2-1: Swinging Strike 2-2: Foul Ball, location: 2F 2-2: Fly out, F9 (Flyball, 89M, EV 86.2 MPH)
|
|
Batting: RHB Chris Bittner
|
0-0: Ball 1-0: Ball 2-0: Ball 3-0: Base on Balls
|
|
Batting: LHB Ryan Braden
|
0-0: Called Strike Laroya Foronda steals 3rd base 0-1: Foul Ball, location: 2F 0-2: Foul Ball, location: 2F 0-2: Foul Ball, location: 2F 0-2: Ball 1-2: Fielders Choice at 2nd, 4-6 (Groundball, 4M, EV 85.0 MPH) Laroya Foronda scores
|
|
Pitching: RHP Michael Conrad
|
|
|
Batting: RHB John Paredes
|
0-0: Ball 1-0: Called Strike Ryan Braden steals 2nd base 1-1: Ground out 6-3 (Groundball, 6, EV 80.0 MPH)
|
| Top of the 2nd over - 1 run, 0 hits, 1 error, 1 left on base; San Jose 5 - Colorado (EL) 0 |
| BOTTOM OF THE 2ND |
|
Colorado (EL) Rockies batting - Pitching for San Jose Giants : RHP Jan Cole
|
|
Batting: LHB Paul McClintock
|
0-0: Called Strike 0-1: Called Strike 0-2: Strikes out swinging
|
|
Batting: RHB Chris Tatum
|
0-0: Called Strike 0-1: Called Strike 0-2: Ball 1-2: Ball 2-2: Foul Ball, location: 2F 2-2: Foul Ball, location: 2F 2-2: Foul Ball, location: 2F 2-2: Foul Ball, location: 2F 2-2: Ground out 1-3 (Groundball, 13, EV 65.6 MPH)
|
|
Batting: SHB Jamie Mims
|
0-0: Ground out 6-3 (Groundball, 6, EV 81.2 MPH)
|
| Bottom of the 2nd over - 0 runs, 0 hits, 0 errors, 0 left on base; San Jose 5 - Colorado (EL) 0 |
| TOP OF THE 3RD |
|
San Jose Giants batting - Pitching for Colorado (EL) Rockies : RHP Michael Conrad
|
|
Batting: SHB David Beauchamp
|
0-0: Ball 1-0: Called Strike 1-1: Foul Ball, location: 2F 1-2: Foul Ball, location: 2F 1-2: SINGLE (Groundball, P, EV 90.6 MPH) (infield hit)
|
|
Batting: RHB Adam Noyes
|
0-0: Called Strike 0-1: SINGLE (Line Drive, 8LS, EV 90.0 MPH) David Beauchamp to second Runner from 2nd tries for 3rd, SAFE, no throw by CF
|
|
Batting: RHB Tony Mendez
|
0-0: Called Strike Adam Noyes steals 2nd base (no throw) 0-1: Ball 1-1: DOUBLE (Flyball, 78D, EV 101.2 MPH) David Beauchamp scores Adam Noyes scores
|
|
Batting: RHB Guillermo Mojica
|
0-0: SINGLE (Groundball, 56D, EV 95.0 MPH) Tony Mendez to third Runner from 3rd tries for Home, SAFE, throw by LF to home
|
|
Batting: RHB Laroya Foronda
|
0-0: Called Strike 0-1: Grounds into double play, 6-4-3 (Groundball, 6, EV 103.8 MPH)
|
|
Batting: RHB Billy Pranger
|
0-0: Ball 1-0: Ball 2-0: Called Strike 2-1: Ground out 5-3 (Groundball, 56, EV 93.1 MPH)
|
| Top of the 3rd over - 3 runs, 4 hits, 0 errors, 0 left on base; San Jose 8 - Colorado (EL) 0 |
| BOTTOM OF THE 3RD |
|
Colorado (EL) Rockies batting - Pitching for San Jose Giants : RHP Jan Cole
|
|
Batting: LHB Daniel Green
|
0-0: Ground out 4-3 (Groundball, 34, EV 104.4 MPH)
|
|
Batting: SHB Craig Ruzic
|
0-0: Ball 1-0: Ground out 6-3 (Groundball, 6, EV 83.8 MPH)
|
|
Batting: SHB Bobby Santor
|
0-0: Called Strike 0-1: Ball 1-1: Foul Ball, location: 2F 1-2: Strikes out swinging
|
| Bottom of the 3rd over - 0 runs, 0 hits, 0 errors, 0 left on base; San Jose 8 - Colorado (EL) 0 |
| TOP OF THE 4TH |
|
San Jose Giants batting - Pitching for Colorado (EL) Rockies : RHP Michael Conrad
|
|
Batting: RHB Chris Bittner
|
0-0: Ball 1-0: Ball 2-0: Called Strike 2-1: Ball 3-1: Base on Balls
|
|
Batting: LHB Ryan Braden
|
0-0: Ball 1-0: Ball 2-0: Ball 3-0: Called Strike 3-1: SINGLE (Flyball, 7LS, EV 86.2 MPH) Chris Bittner to second
|
|
Pitching: RHP Lorenzo Pacheco
|
|
|
Batting: RHB John Paredes
|
0-0: Ball 1-0: Ball Wild Pitch! Chris Bittner to third Ryan Braden to second 2-0: Ball 3-0: Called Strike 3-1: Fly out, F9 (Flyball, 9S, EV 90.0 MPH)
|
|
Batting: SHB David Beauchamp
|
0-0: Ball 1-0: Ball Wild Pitch! Chris Bittner scores Ryan Braden to third 2-0: Called Strike 2-1: SINGLE (Flyball, 78S, EV 96.9 MPH) Ryan Braden scores
|
|
Batting: RHB Adam Noyes
|
0-0: Called Strike 0-1: Ball 1-1: Foul Ball, location: 2F 1-2: Foul Ball, location: 2F 1-2: Foul Ball, location: 2F 1-2: Ball 2-2: Ball 3-2: Base on Balls David Beauchamp to second
|
|
Batting: RHB Tony Mendez
|
0-0: Ball 1-0: Foul Ball, location: 2F 1-1: Ball 2-1: Foul Ball, location: 2F 2-2: Ball 3-2: DOUBLE (Line Drive, 5D, EV 95.6 MPH) David Beauchamp scores Adam Noyes to third Runner from 3rd tries for Home, SAFE, throw by LF to home
|
|
Batting: RHB Guillermo Mojica
|
0-0: Foul Ball, location: 2F 0-1: Ball 1-1: Ball 2-1: Fly out, F3 (Line Drive, 3, EV 67.5 MPH)
|
|
Batting: RHB Laroya Foronda
|
0-0: Called Strike 0-1: Ball 1-1: Foul Ball, location: 2F 1-2: SINGLE (Groundball, 34D, EV 95.6 MPH) Tony Mendez to third Runner from 3rd tries for Home, SAFE, throw by RF to home
|
|
Batting: RHB Billy Pranger
|
0-0: Ball 1-0: Ball 2-0: Called Strike 2-1: Foul Ball, location: 2F 2-2: Foul Ball, location: 2F 2-2: Fly out, F8 (Flyball, 78M, EV 89.4 MPH)
|
| Top of the 4th over - 5 runs, 4 hits, 0 errors, 1 left on base; San Jose 13 - Colorado (EL) 0 |
| BOTTOM OF THE 4TH |
|
Colorado (EL) Rockies batting - Pitching for San Jose Giants : RHP Jan Cole
|
|
Batting: SHB Jeff Sorrels
|
0-0: Swinging Strike 0-1: Swinging Strike 0-2: Foul Ball, location: 2F 0-2: Ball 1-2: Strikes out swinging
|
|
Batting: LHB Mick Tucker
|
0-0: Called Strike 0-1: Fly out, F3 (Line Drive, 3, EV 66.9 MPH)
|
|
Batting: RHB John Corfield
|
0-0: Ball 1-0: Ball 2-0: Ball 3-0: Base on Balls
|
|
Batting: LHB Paul McClintock
|
0-0: Ball 1-0: Foul Ball, location: 2F 1-1: Ball 2-1: Ground out 1-3 (Groundball, 13S, EV 65.0 MPH)
|
| Bottom of the 4th over - 0 runs, 0 hits, 0 errors, 1 left on base; San Jose 13 - Colorado (EL) 0 |
| TOP OF THE 5TH |
|
San Jose Giants batting - Pitching for Colorado (EL) Rockies : RHP Lorenzo Pacheco
|
|
Pitching: RHP Tsuneyoshi Kubo
|
|
|
Batting: RHB Chris Bittner
|
0-0: Ball 1-0: Called Strike 1-1: Foul Ball, location: 2F 1-2: Ball 2-2: SOLO HOME RUN (Flyball, 89XD, EV 110.6 MPH), Distance : 403 ft
|
|
Batting: LHB Ryan Braden
|
0-0: Ball 1-0: Ball 2-0: Swinging Strike 2-1: Foul Ball, location: 2F 2-2: Foul Ball, location: 2F 2-2: Foul Ball, location: 2F 2-2: SINGLE (Line Drive, 56D, EV 98.8 MPH)
|
|
Batting: RHB John Paredes
|
0-0: Called Strike 0-1: Ball 1-1: Ball 2-1: Ball 3-1: Base on Balls Ryan Braden to second
|
|
Batting: SHB David Beauchamp
|
0-0: Ball 1-0: Called Strike 1-1: Ball 2-1: Ball 3-1: Called Strike 3-2: DOUBLE (Line Drive, 7LS, EV 95.6 MPH) Ryan Braden scores John Paredes to third Runner from 3rd tries for Home, SAFE, throw by LF to home
|
|
Batting: RHB Adam Noyes
|
0-0: Foul Ball, location: 2F 0-1: Called Strike 0-2: Ground out 4-3 (Groundball, 4, EV 83.1 MPH) David Beauchamp to third
|
|
Batting: RHB Tony Mendez
|
0-0: Ball 1-0: Reached on error, E6 (Groundball, 6, EV 86.9 MPH) David Beauchamp scores
|
|
Batting: RHB Guillermo Mojica
|
0-0: Ball 1-0: Ball 2-0: Ball 3-0: Base on Balls Tony Mendez to second
|
|
Batting: RHB Laroya Foronda
|
0-0: Called Strike 0-1: SINGLE (Groundball, 25, EV 69.4 MPH) (infield hit) Tony Mendez to third Guillermo Mojica to second
|
|
Pitching: RHP Manny Lebron
|
|
|
Batting: RHB Billy Pranger
|
0-0: Ball 1-0: Ball 2-0: Ball 3-0: Base on Balls Tony Mendez scores Guillermo Mojica to third Laroya Foronda to second
|
|
Batting: RHB Chris Bittner
|
0-0: Ball Wild Pitch! Guillermo Mojica scores Laroya Foronda to third Billy Pranger to second 1-0: Ball 2-0: Fly out, F8 (Flyball, 8LS, EV 91.9 MPH)
|
|
Batting: LHB Ryan Braden
|
0-0: Ball 1-0: Ball 2-0: Ball 3-0: Base on Balls
|
|
Batting: RHB John Paredes
|
0-0: Foul Ball, location: 2F 0-1: Ball 1-1: Foul Ball, location: 2F 1-2: Ball 2-2: SINGLE (Groundball, 6MS, EV 86.2 MPH) (infield hit) Laroya Foronda scores Billy Pranger to third Ryan Braden to second
|
|
Batting: SHB David Beauchamp
|
0-0: Ball 1-0: Ball 2-0: Called Strike 2-1: Foul Ball, location: 2F 2-2: Strikes out looking
|
| Top of the 5th over - 7 runs, 5 hits, 1 error, 3 left on base; San Jose 20 - Colorado (EL) 0 |
| BOTTOM OF THE 5TH |
|
Colorado (EL) Rockies batting - Pitching for San Jose Giants : RHP Jan Cole
|
|
Batting: RHB Chris Tatum
|
0-0: SINGLE (Groundball, 6D, EV 94.4 MPH)
|
|
Batting: SHB Jamie Mims
|
0-0: Ball Chris Tatum is caught stealing 2nd base 2-6 1-0: Ball 2-0: Called Strike 2-1: Swinging Strike 2-2: Strikes out swinging
|
|
Batting: LHB Daniel Green
|
0-0: Called Strike 0-1: Ball 1-1: DOUBLE (Line Drive, 9LD, EV 100.0 MPH)
|
|
Batting: SHB Craig Ruzic
|
0-0: Ball 1-0: Foul Ball, location: 2F 1-1: Fly out, F7 (Flyball, 7D, EV 103.1 MPH)
|
| Bottom of the 5th over - 0 runs, 2 hits, 0 errors, 1 left on base; San Jose 20 - Colorado (EL) 0 |
| TOP OF THE 6TH |
|
San Jose Giants batting - Pitching for Colorado (EL) Rockies : RHP Manny Lebron
|
|
Batting: RHB Adam Noyes
|
0-0: Foul Ball, location: 2F 0-1: Ball 1-1: Swinging Strike 1-2: Foul Ball, location: 2F 1-2: Foul Ball, location: 2F 1-2: Fly out, F7 (Line Drive, 7, EV 88.8 MPH)
|
|
Batting: RHB Tony Mendez
|
0-0: Swinging Strike 0-1: Foul Ball, location: 2F 0-2: Ball 1-2: Ball 2-2: Fly out, F9 (Flyball, 9S, EV 86.9 MPH)
|
|
Batting: RHB Guillermo Mojica
|
0-0: Called Strike 0-1: Foul Ball, location: 2F 0-2: Ball 1-2: SINGLE (Flyball, 9LS, EV 93.1 MPH)
|
|
Batting: RHB Laroya Foronda
|
0-0: Swinging Strike 0-1: Ball 1-1: Ball 2-1: Called Strike 2-2: Ball 3-2: SINGLE (Groundball, 5D, EV 103.8 MPH) Guillermo Mojica to second Guillermo Mojica to third
|
|
Batting: RHB Billy Pranger
|
0-0: Ball 1-0: SINGLE (Line Drive, 9LS, EV 107.5 MPH) Guillermo Mojica scores Laroya Foronda to second
|
|
Batting: RHB Chris Bittner
|
0-0: Called Strike 0-1: Foul Ball, location: 2F 0-2: Ball 1-2: Foul Ball, location: 2F 1-2: 3-RUN HOME RUN (Flyball, 78XD, EV 111.9 MPH), Distance : 432 ft
|
|
Pitching: RHP Ivan Castaneda
|
|
|
Batting: LHB Ryan Braden
|
0-0: Foul Ball, location: 2F 0-1: Swinging Strike 0-2: Ground out 6-3 (Groundball, 6, EV 109.4 MPH)
|
| Top of the 6th over - 4 runs, 4 hits, 0 errors, 0 left on base; San Jose 24 - Colorado (EL) 0 |
| BOTTOM OF THE 6TH |
|
Colorado (EL) Rockies batting - Pitching for San Jose Giants : RHP Jan Cole
|
|
Batting: SHB Bobby Santor
|
0-0: Called Strike 0-1: Ball 1-1: Called Strike 1-2: SINGLE (Groundball, 56D, EV 99.4 MPH)
|
|
Batting: SHB Jeff Sorrels
|
0-0: Swinging Strike 0-1: Ball 1-1: Foul Ball, location: 2F 1-2: Foul Ball, location: 2F 1-2: Grounds into double play, 4-6-3 (Groundball, 4, EV 105.6 MPH)
|
|
Batting: LHB Mick Tucker
|
0-0: Ground out 4-3 (Groundball, 4, EV 86.2 MPH)
|
| Bottom of the 6th over - 0 runs, 1 hit, 0 errors, 0 left on base; San Jose 24 - Colorado (EL) 0 |
| TOP OF THE 7TH |
|
San Jose Giants batting - Pitching for Colorado (EL) Rockies : RHP Ivan Castaneda
|
|
Batting: RHB John Paredes
|
0-0: Fly out, F4 (Line Drive, 4, EV 73.1 MPH)
|
|
Batting: SHB David Beauchamp
|
0-0: Called Strike 0-1: Ball 1-1: Called Strike 1-2: Ground out 4-3 (Groundball, 13, EV 80.0 MPH)
|
|
Batting: RHB Adam Noyes
|
0-0: Swinging Strike 0-1: Ball 1-1: Called Strike 1-2: Strikes out swinging
|
| Top of the 7th over - 0 runs, 0 hits, 0 errors, 0 left on base; San Jose 24 - Colorado (EL) 0 |
| BOTTOM OF THE 7TH |
|
Colorado (EL) Rockies batting - Pitching for San Jose Giants : RHP Jan Cole
|
|
Batting: RHB John Corfield
|
0-0: Called Strike 0-1: Ground out 4-3 (Groundball, 34, EV 101.9 MPH)
|
|
Batting: LHB Paul McClintock
|
0-0: Ball 1-0: Ball 2-0: Foul Ball, location: 2F 2-1: Swinging Strike 2-2: Strikes out swinging
|
|
Batting: RHB Chris Tatum
|
0-0: Called Strike 0-1: Foul Ball, location: 2F 0-2: Ball 1-2: SINGLE (Groundball, 56D, EV 109.4 MPH)
|
|
Batting: SHB Jamie Mims
|
0-0: Foul Ball, location: 2F 0-1: Ball 1-1: Foul Ball, location: 2F 1-2: Strikes out swinging
|
| Bottom of the 7th over - 0 runs, 1 hit, 0 errors, 1 left on base; San Jose 24 - Colorado (EL) 0 |
| TOP OF THE 8TH |
|
San Jose Giants batting - Pitching for Colorado (EL) Rockies : RHP Ivan Castaneda
|
|
Batting: RHB Tony Mendez
|
0-0: Ball 1-0: SINGLE (Groundball, 6MD, EV 100.0 MPH)
|
|
Batting: RHB Guillermo Mojica
|
0-0: Called Strike 0-1: Swinging Strike 0-2: Ball 1-2: Fielders Choice at 2nd, 3-6 (Groundball, 13, EV 88.8 MPH)
|
|
Batting: RHB Laroya Foronda
|
0-0: Ball 1-0: Foul Ball, location: 2F 1-1: SINGLE (Flyball, 8LS, EV 85.6 MPH) Guillermo Mojica to second
|
|
Batting: RHB Billy Pranger
|
0-0: Called Strike 0-1: Swinging Strike 0-2: Strikes out swinging
|
|
Batting: RHB Chris Bittner
|
0-0: Ball 1-0: Foul Ball, location: 2F 1-1: Ball 2-1: Ball 3-1: Base on Balls Guillermo Mojica to third Laroya Foronda to second
|
|
Batting: LHB Ryan Braden
|
0-0: Ball 1-0: Ball 2-0: Called Strike 2-1: Ball 3-1: Fielders Choice at 2nd, 6-4 (Groundball, 6, EV 80.0 MPH)
|
| Top of the 8th over - 0 runs, 2 hits, 0 errors, 3 left on base; San Jose 24 - Colorado (EL) 0 |
| BOTTOM OF THE 8TH |
|
Colorado (EL) Rockies batting - Pitching for San Jose Giants : RHP Jan Cole
|
|
Batting: LHB Daniel Green
|
0-0: SINGLE (Groundball, 6MS, EV 71.9 MPH) (infield hit)
|
|
Batting: SHB Craig Ruzic
|
0-0: Ball Wild Pitch! Daniel Green to second 1-0: Called Strike 1-1: Called Strike 1-2: Ball 2-2: Strikes out swinging
|
|
Pinch Hitting: RHB T.J. Williams
|
0-0: Called Strike 0-1: Ball 1-1: SINGLE (Line Drive, 9S, EV 93.1 MPH) Daniel Green to third
|
|
Pitching: RHP Steve Ryals
|
|
|
Batting: SHB Jeff Sorrels
|
0-0: Ball 1-0: Foul Ball, location: 2F 1-1: Fielders Choice at 2nd, 4-6 (Groundball, 4S, EV 93.1 MPH) Daniel Green scores
|
|
Batting: LHB Mick Tucker
|
0-0: Ball 1-0: Ball 2-0: Ball 3-0: Called Strike 3-1: Called Strike 3-2: Foul Ball, location: 2F 3-2: Fly out, F7 (Flyball, 7S, EV 81.2 MPH)
|
| Bottom of the 8th over - 1 run, 2 hits, 0 errors, 1 left on base; San Jose 24 - Colorado (EL) 1 |
| TOP OF THE 9TH |
|
San Jose Giants batting - Pitching for Colorado (EL) Rockies : RHP Ivan Castaneda
|
|
Now at 1B: T.J. Williams
|
|
|
Batting: RHB John Paredes
|
0-0: Foul Ball, location: 2F 0-1: Foul Ball, location: 2F 0-2: Strikes out swinging
|
|
Batting: SHB David Beauchamp
|
0-0: Ground out 5-3 (Groundball, 56S, EV 87.5 MPH)
|
|
Batting: RHB Adam Noyes
|
0-0: Ball 1-0: SINGLE (Flyball, 5D, EV 87.5 MPH)
|
|
Batting: RHB Tony Mendez
|
0-0: Swinging Strike 0-1: SINGLE (Flyball, 5D, EV 89.4 MPH) Adam Noyes to second Runner from 2nd tries for 3rd, SAFE, no throw by LF
|
|
Batting: RHB Guillermo Mojica
|
0-0: Ball 1-0: Ball 2-0: Called Strike 2-1: Foul Ball, location: 2F 2-2: Ball 3-2: Base on Balls Tony Mendez to second
|
|
Batting: RHB Laroya Foronda
|
0-0: Swinging Strike 0-1: Ball 1-1: Swinging Strike 1-2: Ball 2-2: Foul Ball, location: 2F 2-2: Ball 3-2: Base on Balls Adam Noyes scores Tony Mendez to third Guillermo Mojica to second
|
|
Pitching: RHP Saburo Fujimoto
|
|
|
Batting: RHB Billy Pranger
|
0-0: Ball 1-0: Ball 2-0: Foul Ball, location: 2F 2-1: Foul Ball, location: 2F 2-2: Hit by Pitch Tony Mendez scores Guillermo Mojica to third Laroya Foronda to second
|
|
Batting: RHB Chris Bittner
|
0-0: Foul Ball, location: 2F 0-1: Foul Ball, location: 2F 0-2: Strikes out swinging
|
| Top of the 9th over - 2 runs, 2 hits, 0 errors, 3 left on base; San Jose 26 - Colorado (EL) 1 |
| BOTTOM OF THE 9TH |
|
Colorado (EL) Rockies batting - Pitching for San Jose Giants : RHP Steve Ryals
|
|
Batting: RHB John Corfield
|
0-0: Ball 1-0: Ball 2-0: Ground out 5-3 (Groundball, 5, EV 101.2 MPH)
|
|
Batting: LHB Paul McClintock
|
0-0: Swinging Strike 0-1: Foul Ball, location: 2F 0-2: Ball 1-2: Strikes out swinging
|
|
Batting: RHB Chris Tatum
|
0-0: Foul Ball, location: 2F 0-1: Swinging Strike 0-2: Ball 1-2: Ball 2-2: Ball 3-2: Strikes out swinging
|
| Bottom of the 9th over - 0 runs, 0 hits, 0 errors, 0 left on base; San Jose 26 - Colorado (EL) 1 |
|